 Dungeon Crawl Stone Soup version 0.19.5 (webtiles) character file.

111 Keye the Chopper (level 4, -6/39 HPs)
             Began as a Hill Orc Fighter on May 6, 2017.
             Mangled by Bingowings's ghost (13 damage)
             ... on level 4 of the Dungeon.
             The game lasted 00:03:18 (2484 turns).

Keye the Chopper (Hill Orc Fighter)                 Turns: 2484, Time: 00:03:18

Health: -6/39      AC:  8    Str: 19    XL:     4   Next: 92%
Magic:  4/4        EV: 10    Int:  8    God:
Gold:   212        SH:  0    Dex: 10    Spells: 0 memorised, 3 levels left

rFire  . . .     SeeInvis .     a - +0 war axe
rCold  . . .     Gourm    .     b - +0 scale mail
rNeg   . . .     Faith    .     (no shield)
rPois  .         Spirit   .     (no helmet)
rElec  .         Reflect  .     (no cloak)
rCorr  .         Harm     .     t - +0 pair of gloves
MR     .....                    (no boots)
Stlth  ..........               (no amulet)
                                (no ring)
                                (no ring)

@: lethally poisoned (-6 -> -10)
A: no striking features
a: no special abilities


You were on level 4 of the Dungeon.
You were not hungry.

You visited 1 branch of the dungeon, and saw 4 of its levels.

You collected 212 gold pieces.

Inventory:

Hand Weapons
 a - a +0 war axe (weapon)
Armour
 b - a +0 scale mail (worn)
 c - a +0 shield
 t - a +0 pair of gloves (worn)
Jewellery
 m - an uncursed amulet of rage {unknown}
Scrolls
 e - 2 scrolls of fog {unknown}
 h - a scroll of identify {unknown}
 l - 2 scrolls of remove curse {unknown}
 p - 2 scrolls of amnesia {unknown}
 r - 2 scrolls of teleportation {unknown}
 s - a scroll of immolation {unknown}
Potions
 d - a potion of might
 i - a potion of brilliance {unknown}
 j - a potion of curing {unknown}
 k - a potion of degeneration {unknown}
 n - a potion of flight {unknown}
 q - 2 potions of magic {unknown}
 v - a potion of cancellation {unknown}
Comestibles
 f - 3 bread rations
 o - 2 beef jerkies
 u - 9 fruits


   Skills:
 - Level 3.6 Fighting
 + Level 5.7 Axes
 - Level 3.2 Armour
 + Level 1.2 Dodging
 + Level 0.8 Stealth
 - Level 3.2 Shields


You had 3 spell levels left.
You didn't know any spells.

Dungeon Overview and Level Annotations

Branches:
Dungeon (4/15)
 Temple: D:4-7

Altars:
Gozag
Nemelex Xobeh
Sif Muna

Annotations:
D:4 Bingowings's ghost, novice GrBe; Menkaure


Message History

You closely miss Bingowings's ghost. The worker ant closely misses you.
Bingowings's ghost barely misses you.
The worker ant bites you but does no damage.
You hit the worker ant but do no damage.
The worker ant is moderately wounded.
You hit Bingowings's ghost.
The worker ant bites you but does no damage.
Bingowings's ghost hits you! Bingowings's ghost burns you.
Menkaure, Prince of Dust comes into view.
You hit the worker ant.
The worker ant is heavily wounded.
You hit Bingowings's ghost. The worker ant barely misses you.
Bingowings's ghost hits you! Bingowings's ghost burns you.
* * * LOW HITPOINT WARNING * * *
The worker ant bites you.
* * * LOW HITPOINT WARNING * * *
You are poisoned.
The worker ant poisons you!
You feel sick. Bingowings's ghost hits you!
You die...

.. ##.#
... #..
..###
...
#.####.#
#.(..a@#
######W#
#M. ..(#
....
####..
.. .>#


You could see Menkaure, a worker ant and Bingowings's ghost.

Vanquished Creatures
  Jessica (D:3)
  An adder (D:2)
  An ooze (D:2)
  A worm (D:3)
  4 dart slugs
  A leopard gecko (D:1)
  An orc (D:2)
  2 giant cockroaches
  7 hobgoblins
  4 jackals
  3 kobolds
  11 bats
  6 frilled lizards
  13 goblins
  3 rats
59 creatures vanquished.

Notes
Turn   | Place    | Note
-------+----------+-------------------------------------------
     0 | D:1      | Keye the Hill Orc Fighter began the quest for the Orb.
     0 | D:1      | Reached XP level 1. HP: 19/19 MP: 1/1
    42 | D:1      | Reached skill level 3 in Axes
   393 | D:1      | Reached XP level 2. HP: 26/26 MP: 2/2
   699 | D:1      | Reached skill level 4 in Axes
   786 | D:1      | Reached XP level 3. HP: 31/31 MP: 3/3
   917 | D:2      | Found a deep blue altar of Sif Muna.
   971 | D:2      | Reached skill level 1 in Dodging
   995 | D:2      | Found a sparkling altar of Nemelex Xobeh.
  1111 | D:2      | Found an opulent altar of Gozag.
  1289 | D:2      | Reached XP level 4. HP: 35/39 MP: 4/4
  1572 | D:3      | Found a sparkling altar of Nemelex Xobeh.
  1583 | D:3      | Reached skill level 5 in Axes
  1732 | D:3      | Noticed Jessica
  1736 | D:3      | Killed Jessica
  2478 | D:4      | Noticed Bingowings's ghost (novice GrBe)
  2483 | D:4      | Noticed Menkaure
  2484 | D:4      | Mangled by Bingowings's ghost

Skill      XL: |  1  2  3  4 |
---------------+-------------+-----
Axes           | 3 4 5 |  5.7
Dodging        | 1 |  1.2
Fighting       | |  3.6
Armour         | |  3.2
Stealth        | |  0.8
Shields        | |  3.2

Action                   |  1- 3 |  4- 6 || total
-------------------------+-------+-------++-------
Melee: War axe           |   100 |    56 ||   156
  Eat: Chunk             |     1 |     4 ||     5
Armor: Scale mail        |    73 |    20 ||    93
Dodge: Dodged            |    59 |    28 ||    87
